[Event "Titled Tuesday Blitz March 29 Early 2022"]
[White "Csonka, Balazs"]
[Black "Xu, Yi"]
[WhiteFideId "742910"]
[BlackFideId "8605564"]
[WhiteElo "2404"]
[BlackElo "2471"]
[Result "0-1"]
[Round "08"]
[TimeControl "180+1"]
[Date "2022.03.29"]
[WhiteClock "0:00:02"]
[BlackClock "0:00:25"]

1. e4 c5 2. Nf3 d6 3. Bb5+ Nd7 4. O-O a6 5. Bd3 Ngf6 6. c3 b5 7. a4 c4 8. Be2 Bb7 9. axb5 axb5 10. Rxa8 Qxa8 11. Na3 Bxe4 12. Nxb5 Qc6 13. Qa4 Nb6 14. Qa6 Qb7 15. Qa5 g6 16. Na3 Bg7 17. Nxc4 Nxc4 18. Qa4+ Bc6 19. Qxc4 O-O 20. d4 Nd5 21. Re1 e5 22. dxe5 dxe5 23. Bf1 Re8 24. Ng5 Nb6 25. Qh4 h6 26. Ne4 Bxe4 27. Qxe4 Qc7 28. Be3 Rb8 29. Rd1 Kh7 30. Qd3 f5 31. Qd6 Qxd6 32. Rxd6 Na4 33. b4 Nxc3 34. Rb6 Ra8 35. Rb7 Ra1 36. f3 g5 37. b5 Rb1 38. b6 Kg6 39. g3 Nd5 40. Bf2 e4 41. fxe4 fxe4 42. Rd7 e3 43. Rxd5 e2 44. Rd6+ Kh7 0-1


[Site "https://www.chess.com"]

[Event "Titled Tuesday Blitz March 29 Early 2022"]
[White "De Souza, Cristiano Gomes"]
[Black "Silva, Mariana Sofia T."]
[WhiteFideId "2151758"]
[BlackFideId "1911899"]
[WhiteElo "2068"]
[BlackElo "1825"]
[Result "1-0"]
[Round "08"]
[TimeControl "180+1"]
[Date "2022.03.30"]
[WhiteClock "0:01:08"]
[BlackClock "0:00:05"]

1. d4 Nf6 2. c4 e6 3. Nf3 Bb4+ 4. Bd2 Qe7 5. Nc3 b6 6. g3 Bb7 7. Bg2 O-O 8. O-O d5 9. Ne5 Nbd7 10. Nxd7 Qxd7 11. cxd5 Bxd5 12. Nxd5 Nxd5 13. Bxd5 Qxd5 14. Bxb4 Rfd8 15. Bc3 a5 16. Qd3 b5 17. e4 Qh5 18. a3 c5 19. Qxb5 Qf3 20. Qxc5 Qxe4 21. Rae1 Qg6 22. Qe5 Rd5 23. Qe4 Qh6 24. Re3 Rad8 25. Rfe1 Rh5 26. Qg2 Rdd5 27. Re5 Rdxe5 28. Rxe5 f5 29. Qa8+ Kf7 30. Qb7+ Kf6 31. d5 exd5 32. Qe7+ Kg6 33. Re6# 1-0


[Site "https://www.chess.com"]

[Event "Titled Tuesday Blitz March 29 Early 2022"]
[White "Demchenko, Anton"]
[Black "Perez Gormaz, Matias"]
[WhiteFideId "4160258"]
[BlackFideId "3406342"]
[WhiteElo "2539"]
[BlackElo "2327"]
[Result "1-0"]
[Round "08"]
[TimeControl "180+1"]
[Date "2022.03.29"]
[WhiteClock "0:00:22"]
[BlackClock "0:00:02"]

1. e4 e5 2. Nf3 Nc6 3. Bc4 Nf6 4. d3 Bc5 5. Bg5 h6 6. Bh4 Be7 7. Bg3 d6 8. a4 Be6 9. Bxe6 fxe6 10. c3 O-O 11. O-O Qe8 12. Qb3 Nd8 13. Nbd2 Nh5 14. d4 exd4 15. cxd4 Kh8 16. a5 a6 17. Rac1 Rc8 18. Nc4 Qd7 19. Rc2 Nc6 20. Rd1 Rb8 21. d5 exd5 22. exd5 Nd8 23. Ne3 Bf6 24. Rdc1 Rc8 25. Qb4 Re8 26. b3 Nxg3 27. hxg3 Re7 28. g4 g6 29. Qf4 Kg7 30. g5 hxg5 31. Nxg5 Qe8 32. Rc4 Bxg5 33. Qxg5 Nf7 34. Nf5+ Kf8 35. Qxg6 Re1+ 36. Kh2 Qe5+ 37. f4 Qh8+ 38. Kg3 Rxc1 39. Rxc1 c5 40. Nxd6 Rc7 41. Nf5 1-0


[Site "https://www.chess.com"]

[Event "Titled Tuesday Blitz March 29 Early 2022"]
[White "Dev, Shah"]
[Black "Balint, Vilmos"]
[WhiteFideId "35019058"]
[BlackFideId "718050"]
[WhiteElo "2075"]
[BlackElo "2059"]
[Result "1-0"]
[Round "08"]
[TimeControl "180+1"]
[Date "2022.03.30"]
[WhiteClock "0:01:51"]
[BlackClock "0:02:22"]

1. d4 f5 2. e3 Nf6 3. g3 g6 4. Bg2 Bg7 5. Ne2 O-O 6. O-O d6 7. c4 Nc6 8. Nbc3 e5 9. b3 h6 10. Bb2 Kh7 11. Qd2 a5 12. Rad1 e4 13. d5 Ne5 14. Nd4 Bd7 15. Nce2 a4 16. Nf4 Qe7 17. Nde6 Rfe8 18. Nxc7 Nd3 19. Nxd3 exd3 20. Nxa8 Rxa8 21. Qxd3 axb3 22. axb3 Ra2 23. Bd4 f4 24. exf4 Bf5 25. Qe3 Qf7 26. Rfe1 Ng4 27. Qe7 Qxe7 28. Rxe7 Kh8 29. Rxg7 1-0


[Site "https://www.chess.com"]

[Event "Titled Tuesday Blitz March 29 Early 2022"]
[White "Dreev, Aleksey"]
[Black "Hakobyan, Aram"]
[WhiteFideId "4100107"]
[BlackFideId "13306677"]
[WhiteElo "2625"]
[BlackElo "2557"]
[Result "0-1"]
[Round "08"]
[TimeControl "180+1"]
[Date "2022.03.29"]
[WhiteClock "0:00:02"]
[BlackClock "0:00:38"]

1. d4 e6 2. c4 f5 3. Nc3 Nf6 4. e3 Bb4 5. Ne2 b6 6. a3 Bd6 7. Nf4 Bb7 8. f3 O-O 9. Bd3 Kh8 10. Bd2 g5 11. Nfe2 g4 12. Qc2 gxf3 13. gxf3 Bxf3 14. Rf1 Bg2 15. Rg1 Rg8 16. O-O-O Bxh2 17. Rge1 Nc6 18. e4 fxe4 19. Nxe4 d5 20. Ng5 Qd7 21. Rh1 Ng4 22. Bxh7 Rxg5 23. Rxh2 Nxh2 24. Bxg5 Qxh7 25. Bf6+ Kg8 26. Qc3 Be4 27. Rg1+ Kf8 28. Qg3 Nf3 29. Bg7+ Ke8 30. Qxc7 dxc4 0-1


[Site "https://www.chess.com"]

[Event "Titled Tuesday Blitz March 29 Early 2022"]
[White "Einarsson, Halldor Gretar"]
[Black "Przybylski, Wojciech"]
[WhiteFideId "2300150"]
[BlackFideId "1117599"]
[WhiteElo "2114"]
[BlackElo "2133"]
[Result "0-1"]
[Round "08"]
[TimeControl "180+1"]
[Date "2022.03.30"]
[WhiteClock "0:00:02"]
[BlackClock "0:00:38"]

1. d4 d5 2. Nf3 Nf6 3. g3 g5 4. Bxg5 Ne4 5. Bf4 Bf5 6. Bg2 Nd7 7. O-O c6 8. Nh4 Bg6 9. c4 e6 10. cxd5 exd5 11. Nxg6 hxg6 12. f3 Nd6 13. e4 dxe4 14. fxe4 Qb6 15. Rf2 O-O-O 16. Nc3 f6 17. a4 Qa5 18. Rc2 g5 19. Bd2 Nc4 20. d5 Bc5+ 21. Kh1 Nxd2 22. Qxd2 Ne5 23. Qe2 g4 24. h4 Rh7 25. Nb5 Rdh8 26. Rxc5 Kb8 27. Rc3 Qb6 28. Qe3 Qxe3 29. Rxe3 cxb5 30. axb5 Rc7 31. Rea3 b6 32. Ra6 Rhc8 33. d6 Rc1+ 34. Kh2 R8c2 35. Rxc1 Nf3+ 0-1


[Site "https://www.chess.com"]

[Event "Titled Tuesday Blitz March 29 Early 2022"]
[White "Estrada Nieto, Julian"]
[Black "Dejmek, Mark"]
[WhiteFideId "5101018"]
[BlackFideId "2017628"]
[WhiteElo "2246"]
[BlackElo "2250"]
[Result "1-0"]
[Round "08"]
[TimeControl "180+1"]
[Date "2022.03.30"]
[WhiteClock "0:00:14"]
[BlackClock "0:00:01"]

1. e4 e5 2. Nf3 Nc6 3. Bb5 a6 4. Ba4 Nf6 5. O-O Be7 6. Re1 b5 7. Bb3 d6 8. a4 Bb7 9. c3 O-O 10. d4 exd4 11. cxd4 Na5 12. Bc2 c5 13. d5 Nc4 14. Nc3 b4 15. Ne2 Re8 16. Ng3 Nd7 17. Nf5 Bf6 18. Rb1 Nde5 19. Nxe5 Nxe5 20. b3 Bc8 21. Bb2 Bxf5 22. exf5 Qb6 23. Qd2 Ng4 24. Bd3 Bxb2 25. Qxb2 Ne5 26. Bf1 Nd7 27. h3 Nf6 28. Qd2 Qb7 29. Bc4 Qd7 30. Qd3 Rxe1+ 31. Rxe1 a5 32. Bb5 Qc7 33. Bc6 Rd8 34. g4 h6 35. Kg2 Nd7 36. Re7 Ne5 37. Rxc7 Nxd3 38. Ra7 Nc1 39. Rxa5 Nxb3 40. Ra7 Nd4 41. a5 b3 42. Rb7 c4 43. a6 c3 44. Ba4 c2 45. a7 c1=Q 46. Rb8 Rxb8 47. axb8=Q+ Kh7 48. Qxd6 Ne2 49. Bd7 Qg1+ 50. Kf3 1-0


[Site "https://www.chess.com"]

[Event "Titled Tuesday Blitz March 29 Early 2022"]
[White "Ferreira, Vitor Hugo Vieira"]
[Black "Dronavalli, Harika"]
[WhiteFideId "2119765"]
[BlackFideId "5015197"]
[WhiteElo "2487"]
[BlackElo "2659"]
[Result "0-1"]
[Round "08"]
[TimeControl "180+1"]
[Date "2022.03.30"]
[WhiteClock "0:00:40"]
[BlackClock "0:01:19"]

1. e4 c5 2. Nf3 e6 3. g3 Nc6 4. Bg2 Nf6 5. Qe2 d5 6. exd5 Nxd5 7. O-O Be7 8. Nc3 O-O 9. Ne4 b6 10. d3 Bb7 11. h4 h6 12. Re1 Re8 13. a3 Rc8 14. Bd2 Nf6 15. Bc3 Nxe4 16. dxe4 Nd4 17. Qd3 Bf6 18. Rad1 e5 19. Bxd4 cxd4 20. Rd2 Qc7 21. Bf1 Bc6 22. g4 Qd7 23. Bh3 Bb5 24. Qb3 Bc4 25. Qb4 h5 26. Nh2 Be7 0-1


[Site "https://www.chess.com"]

[Event "Titled Tuesday Blitz March 29 Early 2022"]
[White "Gabdrakhmanov, Azat"]
[Black "Czerw, Dawid"]
[WhiteFideId "34189197"]
[BlackFideId "1145746"]
[WhiteElo "2627"]
[BlackElo "2481"]
[Result "1-0"]
[Round "08"]
[TimeControl "180+1"]
[Date "2022.03.30"]
[WhiteClock "0:00:50"]
[BlackClock "0:00:12"]

1. e4 c5 2. Nf3 g6 3. d4 cxd4 4. Nxd4 Nc6 5. Nc3 Bg7 6. Nb3 Nf6 7. Be2 O-O 8. O-O d6 9. Re1 b6 10. Bf1 Bb7 11. Bg5 h6 12. Bh4 Rc8 13. Qd2 Ne5 14. Bxf6 Bxf6 15. Qxh6 Nc4 16. Bxc4 Rxc4 17. Re3 Bg7 18. Qh4 e6 19. Qg4 d5 20. Qe2 Bxc3 21. bxc3 Rxe4 22. Nd2 Rxe3 23. Qxe3 Qf6 24. Nf3 Rc8 25. Ne5 Qf5 26. Rc1 Kg7 27. h4 Rh8 28. Qg3 Qe4 29. Nf3 Rc8 30. Re1 Qxc2 31. Qe5+ Kf8 32. Qd6+ Ke8 33. Ng5 Qxc3 34. Rxe6+ fxe6 35. Qxe6+ Kd8 36. Nf7+ Kc7 37. Qd6# 1-0


[Site "https://www.chess.com"]

[Event "Titled Tuesday Blitz March 29 Early 2022"]
[White "Garv Gaur"]
[Black "Skliarov, Viktor"]
[WhiteFideId "45030839"]
[BlackFideId "14106736"]
[WhiteElo "1950"]
[BlackElo "2229"]
[Result "1/2-1/2"]
[Round "08"]
[TimeControl "180+1"]
[Date "2022.03.30"]
[WhiteClock "0:01:02"]
[BlackClock "0:00:06"]

1. d4 Nf6 2. Nf3 g6 3. c4 Bg7 4. g3 O-O 5. Bg2 c6 6. O-O d5 7. a4 Ne4 8. Nc3 Bf5 9. a5 Na6 10. Ne5 Nxc3 11. bxc3 Bxe5 12. dxe5 dxc4 13. Qa4 Be6 14. Bh6 Re8 15. Rab1 Qc7 16. Be3 Red8 17. Rfd1 Rxd1+ 18. Rxd1 Rd8 19. Bxa7 Rxd1+ 20. Qxd1 Qxa5 21. Qb1 Qxc3 22. h4 Qb3 23. Qc1 c3 24. Be4 Qb2 25. Qg5 Qxe2 26. Qxe7 Qxe4 27. Qd8+ Kg7 28. Qf6+ Kg8 29. Qd8+ Kg7 30. Qf6+ Kg8 31. Qd8+ 1/2-1/2


[Site "https://www.chess.com"]

[Event "Titled Tuesday Blitz March 29 Early 2022"]
[White "Golubev, Mikhail"]
[Black "Vysochin, Spartak"]
[WhiteFideId "14100983"]
[BlackFideId "14103516"]
[WhiteElo "2374"]
[BlackElo "2385"]
[Result "0-1"]
[Round "08"]
[TimeControl "180+1"]
[Date "2022.03.30"]
[WhiteClock "0:01:47"]
[BlackClock "0:02:45"]

1. d4 d5 2. c4 c6 3. Nc3 Nf6 4. Nf3 dxc4 5. a4 Bf5 6. Ne5 e6 7. f3 Bb4 8. e4 Bxe4 9. fxe4 Nxe4 10. Qf3 Qxd4 11. Qxf7+ Kd8 12. Qxg7 Bxc3+ 13. bxc3 Qf2+ 0-1


[Site "https://www.chess.com"]

[Event "Titled Tuesday Blitz March 29 Early 2022"]
[White "Goryachkina, Aleksandra"]
[Black "Postny, Evgeny"]
[WhiteFideId "4147103"]
[BlackFideId "2804344"]
[WhiteElo "2426"]
[BlackElo "2483"]
[Result "1-0"]
[Round "08"]
[TimeControl "180+1"]
[Date "2022.03.29"]
[WhiteClock "0:00:10"]
[BlackClock "0:00:01"]

1. e4 e5 2. Nf3 Nc6 3. d4 exd4 4. Bc4 Nf6 5. O-O Nxe4 6. Re1 d5 7. Bxd5 Qxd5 8. Nc3 Qa5 9. Nxe4 Be6 10. Neg5 O-O-O 11. Nxe6 fxe6 12. Rxe6 Bd6 13. Bg5 Rdf8 14. Qe2 Qf5 15. Re1 a6 16. a3 Kb8 17. Qe4 Qxe4 18. R6xe4 Rf5 19. Bd2 Rd8 20. Kf1 Rd5 21. Re8 Bc5 22. Rxd8+ Rxd8 23. Ne5 Nxe5 24. Rxe5 b6 25. b4 Bf8 26. Ke2 Kb7 27. Kd3 c5 28. bxc5 bxc5 29. Kc4 Kc6 30. Re6+ Rd6 31. Rxd6+ Bxd6 32. f4 g6 33. g4 h5 34. h3 hxg4 35. hxg4 Be7 36. a4 Bd6 37. f5 gxf5 38. gxf5 Be7 39. Bh6 Kd6 40. Bg7 Bd8 41. f6 Ke6 42. Kxc5 Bc7 43. Kxd4 Kf7 44. Kd5 Ba5 45. c4 1-0


[Site "https://www.chess.com"]

[Event "Titled Tuesday Blitz March 29 Early 2022"]
[White "Gracia Alvarez, Gerardo Antonio"]
[Black "Taboas Rodriguez, Daniel"]
[WhiteFideId "5109124"]
[BlackFideId "2208466"]
[WhiteElo "2139"]
[BlackElo "2429"]
[Result "0-1"]
[Round "08"]
[TimeControl "180+1"]
[Date "2022.03.30"]
[WhiteClock "0:00:04"]
[BlackClock "0:00:19"]

1. e4 e6 2. d4 d5 3. e5 c5 4. c3 Nc6 5. Nf3 Nh6 6. Bxh6 gxh6 7. Be2 Bg7 8. O-O O-O 9. Re1 cxd4 10. cxd4 f6 11. Bb5 Qb6 12. Bxc6 bxc6 13. Qd2 c5 14. dxc5 Qxc5 15. Nc3 Rb8 16. Rac1 Qa5 17. exf6 Rxf6 18. b4 Qd8 19. Ne5 Rf5 20. Nc6 Qb6 21. Nxb8 Qxb8 22. Nb5 Bd7 23. Nd4 Re5 24. Nc6 Bxc6 25. Rxc6 Rxe1+ 26. Qxe1 e5 27. Qc1 Qxb4 28. Rc8+ Kf7 29. Qc7+ Kg6 30. Qc6+ Kg5 31. Qc1+ Kg6 32. Rc6+ Kf7 33. Rc7+ Kg6 34. Qc6+ Bf6 35. h4 Qe1+ 36. Kh2 Qxf2 37. Qc2+ Qxc2 38. Rxc2 e4 39. Rc7 d4 40. Rd7 d3 41. Kg1 Bxh4 42. Kf1 a5 43. Rd5 a4 44. Rd4 Kf5 45. Rxa4 Bg3 46. Ra5+ Kf4 47. Ra7 e3 48. Rf7+ Ke4 49. Re7+ Kd4 50. Rd7+ Kc4 51. Re7 Kd4 52. Rd7+ Kc3 53. Re7 Kd2 0-1


[Site "https://www.chess.com"]

[Event "Titled Tuesday Blitz March 29 Early 2022"]
[White "Gu, Xiaobing"]
[Black "Isanzhulov, Arystan"]
[WhiteFideId "8602611"]
[BlackFideId "13711644"]
[WhiteElo "2174"]
[BlackElo "2296"]
[Result "0-1"]
[Round "08"]
[TimeControl "180+1"]
[Date "2022.03.30"]
[WhiteClock "0:01:18"]
[BlackClock "0:01:59"]

1. Nf3 b6 2. g3 Bb7 3. Bg2 f5 4. O-O Nf6 5. d3 e6 6. b3 Bb4 7. Bb2 O-O 8. Nbd2 Qe8 9. a3 Be7 10. e4 Qh5 11. exf5 exf5 12. Re1 Nc6 13. Nd4 Ng4 14. h3 Nxd4 15. hxg4 fxg4 16. Bxb7 Rxf2 17. Kxf2 Rf8+ 18. Ke3 Qe5+ 19. Ne4 Bg5# 0-1


[Site "https://www.chess.com"]

[Event "Titled Tuesday Blitz March 29 Early 2022"]
[White "Hebden, Mark L"]
[Black "Abdrlauf, Elham"]
[WhiteFideId "400084"]
[BlackFideId "1533533"]
[WhiteElo "2457"]
[BlackElo "2334"]
[Result "0-1"]
[Round "08"]
[TimeControl "180+1"]
[Date "2022.03.29"]
[WhiteClock "0:00:04"]
[BlackClock "0:00:05"]

1. d4 Nf6 2. Nf3 d5 3. c4 e6 4. Bg5 Nbd7 5. e3 c6 6. Nbd2 Be7 7. Bd3 O-O 8. Rc1 h6 9. Bh4 b6 10. cxd5 Nxd5 11. Bxe7 Qxe7 12. O-O c5 13. Bb5 cxd4 14. Nxd4 Bb7 15. e4 N5f6 16. Rc7 Qd6 17. Rxb7 Qxd4 18. Bxd7 Nxd7 19. Nb3 Qxd1 20. Rxd1 Nf6 21. f3 Rfd8 22. Rxd8+ Rxd8 23. Rxa7 Rd1+ 24. Kf2 Rb1 25. Nd2 Rxb2 26. Ke3 g5 27. g4 Nh7 28. Nc4 Rxh2 29. Nxb6 Nf8 30. Nc4 Ng6 31. a4 Ra2 32. a5 e5 33. a6 f6 34. Kd3 Nh4 35. Nd6 Nxf3 36. Ra8+ Kh7 37. a7 h5 38. gxh5 g4 39. Nf5 Nd4 40. Nxd4 exd4 41. Kxd4 g3 42. Rb8 Rxa7 43. Rb1 Kh6 44. Rg1 Ra3 45. Rf1 Kxh5 46. Rxf6 g2 47. Rf5+ Kh4 48. Rf4+ Kg3 0-1


[Site "https://www.chess.com"]

[Event "Titled Tuesday Blitz March 29 Early 2022"]
[White "Hua, Lefong"]
[Black "Fedoseev, Vladimir"]
[WhiteFideId "2602253"]
[BlackFideId "24130737"]
[WhiteElo "2607"]
[BlackElo "2726"]
[Result "0-1"]
[Round "08"]
[TimeControl "180+1"]
[Date "2022.03.29"]
[WhiteClock "0:01:42"]
[BlackClock "0:02:00"]

1. d4 Nf6 2. c4 g6 3. Nc3 Bg7 4. e4 d6 5. f4 c5 6. d5 e6 7. Nf3 exd5 8. cxd5 O-O 9. Be2 Re8 10. Nd2 Ng4 11. Bxg4 Qh4+ 12. g3 Qxg4 13. Qxg4 Bxg4 14. Kf2 Na6 15. h3 Bd7 16. Nc4 Bf8 17. a4 Nb4 18. Rd1 Bxh3 19. Ne3 Bd7 20. Kf3 h5 21. Ra3 Bg7 22. Nc4 Bg4+ 0-1


[Site "https://www.chess.com"]

[Event "Titled Tuesday Blitz March 29 Early 2022"]
[White "Ianov, Viktor"]
[Black "Thomas, Anysia"]
[WhiteFideId "14102730"]
[BlackFideId "670472"]
[WhiteElo "2161"]
[BlackElo "2002"]
[Result "1-0"]
[Round "08"]
[TimeControl "180+1"]
[Date "2022.03.30"]
[WhiteClock "0:01:47"]
[BlackClock "0:00:03"]

1. Nf3 g6 2. g3 Bg7 3. Bg2 c5 4. c4 Nc6 5. Nc3 e6 6. O-O Nge7 7. d3 O-O 8. Bg5 d5 9. Qc1 Re8 10. a3 b6 11. Rb1 Bb7 12. b4 dxc4 13. dxc4 cxb4 14. axb4 Qc7 15. Nb5 Qb8 16. c5 Nf5 17. Rd1 a6 18. Nd6 Nxd6 19. cxd6 f6 20. Be3 Rd8 21. d7 Qc7 22. b5 axb5 23. Rxb5 Rxd7 24. Bxb6 Rxd1+ 25. Qxd1 Qf7 26. h4 Rc8 27. Be3 Ba6 28. Rb6 Bc4 29. Nd2 Ne5 30. Ne4 Bd5 31. Nd6 Qc7 32. Nxc8 Qxc8 33. Bxd5 exd5 34. Qxd5+ Nf7 35. Rb7 Qe8 36. Bf4 1-0


[Site "https://www.chess.com"]

[Event "Titled Tuesday Blitz March 29 Early 2022"]
[White "Iljin, Timofey"]
[Black "Jary, Sergey"]
[WhiteFideId "14110180"]
[BlackFideId "14110350"]
[WhiteElo "2486"]
[BlackElo "2657"]
[Result "0-1"]
[Round "08"]
[TimeControl "180+1"]
[Date "2022.03.30"]
[WhiteClock "0:00:03"]
[BlackClock "0:00:20"]

1. f4 d6 2. Nf3 c5 3. g3 Nc6 4. Bg2 g6 5. O-O Nf6 6. d3 Rb8 7. e4 b5 8. Qe1 Bg7 9. h3 a5 10. Qf2 b4 11. Nbd2 Nd7 12. Nc4 Nb6 13. e5 Nxc4 14. dxc4 O-O 15. Be3 Qc7 16. exd6 exd6 17. b3 Re8 18. Rad1 Bf5 19. Rfe1 a4 20. g4 Be4 21. Ng5 Bxg2 22. Qxg2 Nd4 23. Bxd4 Bxd4+ 24. Kh1 Bc3 25. Re2 Rxe2 26. Qxe2 Qd7 27. Qd3 Bd4 28. Ne4 Re8 29. Qxd4 Qc6 30. Qd5 Qxd5 31. Rxd5 Rxe4 32. Rxd6 a3 33. Rd2 Kg7 34. Kg2 Re1 35. c3 bxc3 36. Rc2 Re3 37. h4 Rd3 38. Kf1 Kf6 39. Ke2 Rh3 40. Kf1 h5 41. gxh5 gxh5 42. Kg2 Rd3 43. Kf1 Kf5 44. Ke2 Rh3 45. Kf1 Kxf4 46. Kg2 Rd3 47. Kf1 Ke4 48. Ke1 Rh3 49. Kf1 Kd3 50. Rg2 Rh1+ 51. Kf2 c2 52. Kg3 c1=Q 53. b4 Qe3# 0-1


[Site "https://www.chess.com"]

[Event "Titled Tuesday Blitz March 29 Early 2022"]
[White "Iskusnyh, Sergei"]
[Black "Oro, Luis"]
[WhiteFideId "4120027"]
[BlackFideId "104094"]
[WhiteElo "2492"]
[BlackElo "2357"]
[Result "0-1"]
[Round "08"]
[TimeControl "180+1"]
[Date "2022.03.30"]
[WhiteClock "0:00:30"]
[BlackClock "0:00:08"]

1. d4 Nf6 2. c4 g6 3. g3 Bg7 4. Bg2 O-O 5. Nc3 d6 6. Nf3 Nbd7 7. O-O e5 8. e4 exd4 9. Nxd4 Re8 10. h3 Nc5 11. Re1 a5 12. Ndb5 Be6 13. Bf1 Nfd7 14. f4 f5 15. Nd4 fxe4 16. Nxe6 Rxe6 17. Be3 c6 18. Bf2 Qc7 19. Qc2 Rae8 20. Rad1 e3 21. Bxe3 Rxe3 22. Rxe3 Rxe3 23. Kh2 Nf8 24. Bg2 Qe7 25. Rd2 h5 26. h4 Bf6 27. Nd1 Re6 28. Nf2 Bg7 29. Nh3 Re3 30. Ng5 Nce6 31. Ne4 Nd4 32. Qb1 c5 33. Ng5 Bf6 34. Ne4 Kg7 35. Nc3 Bxh4 36. Ne4 Bxg3+ 37. Nxg3 Qh4+ 38. Kg1 Qxg3 39. Rf2 Re2 40. Rxe2 Nxe2+ 41. Kf1 Nxf4 42. Bxb7 Qd3+ 43. Qxd3 Nxd3 44. b3 Nc1 45. Kf2 Nxa2 46. Kf3 Nc1 47. Ke4 Nxb3 48. Kd5 Kf6 49. Kxd6 g5 50. Kc6 a4 51. Kb5 a3 52. Ka4 a2 0-1


[Site "https://www.chess.com"]

[Event "Titled Tuesday Blitz March 29 Early 2022"]
[White "Jaferian, Koosha"]
[Black "Ilyasli, Ughur"]
[WhiteFideId "12507440"]
[BlackFideId "13416197"]
[WhiteElo "2622"]
[BlackElo "2476"]
[Result "1-0"]
[Round "08"]
[TimeControl "180+1"]
[Date "2022.03.30"]
[WhiteClock "0:00:10"]
[BlackClock "0:00:04"]

1. Nf3 Nf6 2. b3 g6 3. Bb2 Bg7 4. g3 b5 5. Bg2 Bb7 6. O-O O-O 7. c4 bxc4 8. bxc4 c5 9. d3 Nc6 10. Nbd2 Rb8 11. Rb1 Ba8 12. Bc3 Qc7 13. Qc2 Nb4 14. Qa4 Bc6 15. Qa3 Nc2 16. Qxc5 d6 17. Qa5 Qxa5 18. Bxa5 Na3 19. Rb3 Rxb3 20. axb3 Rb8 21. Ra1 Nc2 22. Ra2 Bxf3 23. Nxf3 Nb4 24. Bxb4 Rxb4 25. Rxa7 Rxb3 26. Rxe7 Rb1+ 27. Bf1 Ng4 28. Kg2 Bf6 29. Rd7 Rb6 30. h3 Ne5 31. Nxe5 Bxe5 32. e3 f5 33. d4 Bf6 34. Be2 h5 35. Bf3 h4 36. Bd5+ Kh8 37. gxh4 Bxh4 38. Kf3 Rb2 39. Kg2 Bxf2 40. Kf3 Bh4 41. e4 Rf2+ 42. Ke3 f4+ 43. Kd3 f3 44. e5 dxe5 45. dxe5 Rf1 46. Bxf3 Rxf3+ 47. Ke4 Rxh3 48. e6 Rh2 49. Kd5 Re2 50. c5 Rd2+ 51. Kc6 Rxd7 52. Kxd7 Kg7 53. c6 g5 54. c7 g4 55. c8=Q g3 56. Qc4 g2 57. Qg4+ Kf6 58. Qxh4+ Kf5 59. Qg3 1-0


[Site "https://www.chess.com"]

[Event "Titled Tuesday Blitz March 29 Early 2022"]
[White "Janaszak, Dawid"]
[Black "Chen, Qi b"]
[WhiteFideId "1119206"]
[BlackFideId "8614733"]
[WhiteElo "2199"]
[BlackElo "2432"]
[Result "0-1"]
[Round "08"]
[TimeControl "180+1"]
[Date "2022.03.30"]
[WhiteClock "0:00:08"]
[BlackClock "0:00:11"]

1. e4 c5 2. Nc3 Nc6 3. Bb5 Nd4 4. Nf3 g6 5. O-O Bg7 6. Re1 e5 7. Bc4 Ne7 8. d3 h6 9. a3 O-O 10. b4 d6 11. bxc5 dxc5 12. Nd2 Kh7 13. a4 f5 14. exf5 gxf5 15. a5 Ng6 16. Ba3 Qxa5 17. Bb2 Qc7 18. Nd5 Qd6 19. c3 Ne6 20. Ba3 b5 21. Ba2 Bb7 22. c4 b4 23. Bb2 Nef4 24. Nf1 a5 25. Nfe3 a4 26. Bb1 a3 27. Bc1 Nxd5 28. cxd5 Bxd5 29. Nxd5 Qxd5 30. Ba2 Qd6 31. Qf3 Nf4 32. Bxf4 exf4 33. Re6 Qb8 34. Re7 Ra7 35. Rae1 Rxe7 36. Rxe7 b3 37. Rb7 bxa2 38. h4 a1=Q+ 39. Kh2 Qf6 40. h5 Qh4+ 0-1


[Site "https://www.chess.com"]

[Event "Titled Tuesday Blitz March 29 Early 2022"]
[White "Jarocka, Liwia"]
[Black "Flis, Pawel"]
[WhiteFideId "21807558"]
[BlackFideId "1112864"]
[WhiteElo "1896"]
[BlackElo "1735"]
[Result "1-0"]
[Round "08"]
[TimeControl "180+1"]
[Date "2022.03.30"]
[WhiteClock "0:00:57"]
[BlackClock "0:00:01"]

1. e4 c5 2. Nf3 d6 3. d4 Nf6 4. Nc3 cxd4 5. Nxd4 a6 6. h4 e5 7. Nb3 Be7 8. Bg5 Be6 9. Qd2 Nbd7 10. g3 b5 11. Bg2 b4 12. Nd5 Bxd5 13. exd5 a5 14. O-O O-O 15. a3 Qb6 16. Be3 Qb7 17. axb4 axb4 18. Na5 Qb5 19. Nc6 Rae8 20. Qxb4 Qe2 21. Qd2 Qb5 22. b3 Ng4 23. Ra5 Qb7 24. Ra7 Qc8 25. c4 Nxe3 26. Qxe3 f5 27. Qd2 e4 28. Rfa1 Bf6 29. R1a2 Nc5 30. b4 Nd3 31. b5 f4 32. Bxe4 Rxe4 33. Qxd3 Re1+ 34. Kh2 fxg3+ 35. fxg3 Qg4 36. Rf2 Be5 37. Ne7+ Kh8 38. Rxf8# 1-0


[Site "https://www.chess.com"]

[Event "Titled Tuesday Blitz March 29 Early 2022"]
[White "Jaskolka, Tomasz"]
[Black "Bachmann, Axel"]
[WhiteFideId "1170791"]
[BlackFideId "3700488"]
[WhiteElo "2073"]
[BlackElo "2587"]
[Result "1-0"]
[Round "08"]
[TimeControl "180+1"]
[Date "2022.03.30"]
[WhiteClock "0:01:10"]
[BlackClock "0:00:06"]

1. d4 Nf6 2. Bf4 b6 3. e3 Bb7 4. Nf3 g6 5. Nbd2 Bg7 6. Bd3 d6 7. c3 O-O 8. h4 h5 9. Qc2 Qe8 10. O-O-O a5 11. Ng5 e5 12. Bg3 a4 13. Kb1 a3 14. b3 c5 15. Nc4 Qe7 16. dxe5 Nd5 17. exd6 Qd8 18. Bxg6 Nxc3+ 19. Kc1 Nxa2+ 20. Qxa2 fxg6 21. Ne6 Qf6 22. Nxf8 Bxg2 23. Be5 Qxf8 24. Bxg7 Qxg7 25. Rhg1 Be4 26. Kd2 Nc6 27. Qa1 a2 28. Qxg7+ Kxg7 29. Ra1 Nb4 30. Nxb6 Rd8 31. Nc4 Kf6 32. Kc3 Bd5 33. f4 Bxc4 34. Kxc4 Rxd6 35. Kxc5 Re6 36. Kxb4 Rxe3 37. Rxa2 Re4+ 38. Kc5 Rxf4 39. Ra6+ Kf5 40. Rg5+ Ke4 41. Ra4+ Kf3 42. Rxf4+ Kxf4 43. Rxg6 1-0


[Site "https://www.chess.com"]

[Event "Titled Tuesday Blitz March 29 Early 2022"]
[White "Johnson, Ben"]
[Black "Hartikainen, Jarmo"]
[WhiteFideId "2010917"]
[BlackFideId "503134"]
[WhiteElo "2197"]
[BlackElo "2057"]
[Result "0-1"]
[Round "08"]
[TimeControl "180+1"]
[Date "2022.03.30"]
[WhiteClock "0:00:01"]
[BlackClock "0:00:08"]

1. Nf3 Nf6 2. c4 g6 3. b3 Bg7 4. Bb2 c5 5. g3 O-O 6. Bg2 Nc6 7. O-O d6 8. d4 cxd4 9. Nxd4 Nxd4 10. Qxd4 Qc7 11. Nc3 Qc5 12. Qxc5 dxc5 13. Nb5 a6 14. Nc7 Rb8 15. Rad1 Bf5 16. h3 h5 17. Kh2 Rfc8 18. Be5 Ng4+ 19. hxg4 Bxe5 20. gxf5 Rxc7 21. fxg6 fxg6 22. Rd5 Bd6 23. Be4 Kf7 24. Rg5 Rg8 25. Kg2 e6 26. Rd1 Be7 27. Re5 Bf6 28. Rxe6 Kxe6 29. Bd5+ Ke7 30. Bxg8 b5 31. Bd5 bxc4 32. Bxc4 a5 33. Rd5 a4 34. e4 axb3 35. axb3 Bd4 36. f4 Rb7 37. Kf3 Rb8 38. e5 Ra8 39. Ke4 Ra2 40. b4 Ra3 41. bxc5 Bf2 42. c6 Ra7 43. Bb5 Bxg3 44. Rd6 h4 45. Rxg6 Ra4+ 46. Kd5 Ra5 0-1


[Site "https://www.chess.com"]